 Dungeon Crawl Stone Soup version 0.28-a0-1415-g7c84da036a (webtiles) character file.

Game seed: 11869515562842780878

243 HallandMoats the Shield-Bearer (level 6, -2/52 HPs)
             Began as a Ghoul Fighter on Jan 7, 2022.
             Was an Initiate of Ashenzari.
             Slain by Robin (3 damage)
             ... on level 3 of the Dungeon.
             The game lasted 00:03:58 (3264 turns).

HallandMoats the Shield-Bearer (Ghoul Fighter)      Turns: 3264, Time: 00:03:59

Health: -2/52      AC:  6    Str: 20    XL:     6   Next: 9%
Magic:  5/5        EV:  9    Int:  5    God:    Ashenzari [......]
Gold:   63         SH:  4    Dex:  8    Spells: 5/5 levels left

rFire   . . .      SeeInvis .   a - +0 flail
rCold   + . .      Faith    .   c - +0 buckler of Toth-Mos's Legacy {Bglg, Elem} (curse)
rNeg    + + +      Spirit   .   b - +0 scale mail
rPois   ∞          Reflect  .   (no helmet)
rElec   .          Harm     .   (no cloak)
rCorr   .          Rampage  .   (no gloves)
Will    .....                   (no boots)
Stlth   ..........              (no amulet)
HPRegen 0.00/turn               (no ring)
MPRegen 0.09/turn               (no ring)

@: mighty, inhibited regen
A: claws 1, cold resistance 1, negative energy resistance 3, inhibited
regeneration, torment resistance 2
a: Renounce Religion, Curse Item, Shatter the Chains


You were on level 3 of the Dungeon.
You worshipped Ashenzari.
Ashenzari was noncommittal.
You visited 1 branch of the dungeon, and saw 3 of its levels.

You collected 63 gold pieces.

Inventory:

Hand Weapons
 a - a +0 flail (weapon)
Armour
 b - a +0 scale mail (worn)
 c - the cursed +0 buckler of Toth-Mos's Legacy (worn) {Bglg, Elem}

   It has a curse which improves the following skills: Beguiling: Conjurations,
   Hexes and Translocations.
   Elements:  Fire Magic, Ice Magic, Air Magic and Earth Magic.
Scrolls
 g - 2 scrolls of enchant armour {unknown}
 h - a scroll of immolation {unknown}
 i - 2 scrolls of fog {unknown}
 j - 3 scrolls of magic mapping {unknown}
 k - a scroll of identify {unknown}
 l - a scroll of teleportation {unknown}
Potions
 e - a potion of flight {unknown}
 f - 5 potions of curing {unknown}
 m - 2 potions of heal wounds {unknown}
 n - a potion of mutation {unknown}


   Skills:
 + Level 4.1 Fighting
 + Level 2.7 Maces & Flails
 + Level 3.4 Armour
 + Level 1.6 Dodging
 * Level 4.2 Shields


You had 5 spell levels left.
You didn't know any spells.
Your spell library contained the following spells:

 Spells                   Type           Power      Damage    Failure   Level
 Conjure Flame            Conj/Fire      0%         6-21      99%         3
 Ignite Poison            Fire/Tmut/Pois 0%         N/A       99%         3
 Sticky Flame             Conj/Fire      0%         2d3       100%        4


Dungeon Overview and Level Annotations

Branches:
Dungeon (3/15)

Altars:
Ashenzari
Kikubaaqudgha

Annotations:
D:3 Robin


Innate Abilities, Weirdness & Mutations

You thrive by killing the living.
You are immune to poison.
You have sharp fingernails.
Your flesh is cold resistant. (rC+)
You are immune to negative energy. (rN+++)
You do not regenerate when monsters are visible.
You are immune to unholy pain and torment.


Message History

You kill the goblin!
The hobgoblin no longer looks unusually strong.
The goblin no longer looks unusually strong.
The goblin closely misses you.
You barely miss the goblin. The goblin hits you but does no damage.
Robin throws the goblin at you! The goblin hits you with a +0 club.
* * * LOW HITPOINT WARNING * * *
The goblin closely misses you.
You barely miss the goblin. The goblin closely misses you.
The goblin completely misses you.
Robin says, "Duck!"
You closely miss the goblin.
The goblin no longer looks unusually strong.
You block the goblin's attack. The goblin hits you with a +0 dagger.
* * * LOW HITPOINT WARNING * * *
The goblin misses you.
You sock the goblin!
You kill the goblin!
You feel better. You block the goblin's attack.
Robin roars a battlecry!
The goblins go into a battle-frenzy!
The goblin closely misses you.
You closely miss the goblin. The goblin barely misses you. x2
You thump the goblin!
You kill the goblin!
The goblin hits you but does no damage. The goblin misses you.
You bludgeon the goblin!!
You kill the goblin!
The goblin hits you with a +0 dagger.
* * * LOW HITPOINT WARNING * * *
The goblin hits you but does no damage. Robin throws the goblin at you!
You sock the goblin!
You kill the goblin!
The goblin closely misses you.
You barely miss the hobgoblin. The goblin hits you with a +0 club.
* * * LOW HITPOINT WARNING * * *
You block the hobgoblin's attack.
You miss the goblin.
Robin hits you from afar with a +0 trident.
You die...

##### ###### ≈≈≈§≈§
#.)..# ###§....≈ #.##.#
#.'..#...
#.##.###########.'...#..
#.##........g@gg.#≈§§.g≈
#.################ ≈≈≈≈≈
#.# #### ####.## ......#
......# [####.########
.# #......... .#
#.######.#


You could see Robin, a hobgoblin (strong) and a goblin (strong).

Vanquished Creatures
  A water moccasin skeleton (D:3)
  Natasha (D:1)
  Ijyb (D:3)
  2 adders
  4 gnolls
  3 worms
  4 dart slugs
  An orc (D:3)
  5 bats
  5 endoplasms
  4 giant cockroaches
  12 goblins
  4 hobgoblins
  5 kobolds
  4 quokkas
  9 ball pythons
  4 frilled lizards
  5 rats
74 creatures vanquished.

Vanquished Creatures (others)
  8 fungi (D:1)
  3 plants (D:1)
  5 withered plants (D:3)
16 creatures vanquished.

Grand Total: 90 creatures vanquished

Notes
Turn   | Place    | Note
-------+----------+-------------------------------------------
     0 | D:1      | HallandMoats the Ghoul Fighter began the quest for the Orb.
     0 | D:1      | Reached XP level 1. HP: 19/19 MP: 0/0
   147 | D:1      | Reached XP level 2. HP: 26/26 MP: 1/1
   411 | D:1      | Reached XP level 3. HP: 31/31 MP: 2/2
   748 | D:1      | Found a faded altar of an unknown god.
  1017 | D:1      | Prayed at the altar of an unknown god.
  1017 | D:1      | Became a worshipper of Ashenzari the Shackled
  1075 | D:2      | Noticed Natasha
  1080 | D:1      | Killed Natasha
  1505 | D:1      | Reached skill level 1 in Dodging
  1505 | D:1      | Reached XP level 4. HP: 28/40 MP: 3/3
  2411 | D:2      | Reached XP level 5. HP: 42/46 MP: 4/4
  2907 | D:3      | Found an ancient bone altar of Kikubaaqudgha.
  3173 | D:3      | Noticed Ijyb
  3184 | D:3      | Killed Ijyb
  3185 | D:3      | Reached XP level 6. HP: 48/52 MP: 5/5
  3224 | D:3      | Noticed Robin
  3263 | D:3      | HP: 1/52 [goblin[Robin] (5)]
  3264 | D:3      | Slain by Robin

Illustrated notes

Levels and vault maps discovered:
D:1:      lightli_arrival_lavapool, layout_basic,
          shapermc_ecumenical_altar_hornbeckon, st_stairs_13,
          minmay_tromino_v4_b
D:2:      minmay_evil_eye, layout_basic, uniq_natasha
D:3:      layout_loops_ring, kiku_gazebo_garden_becter,
          kennysheep_generic_room_12, uniq_sigmund, uniq_ijyb, uniq_robin

Skill      XL: |  1  2  3  4  5 |
---------------+----------------+-----
Shields        | 3 4 |  4.2
Maces & Flails | 2 |  2.7
Armour         | 3 |  3.4
Dodging        | 1 |  1.6
Fighting       | 4 |  4.1

Action                   |  1- 3 |  4- 6 || total
-------------------------+-------+-------++-------
Melee: Flail             |    82 |   185 ||   267
Invok: Curse Item        |     1 |       ||     1
  Use: Potion            |       |     1 ||     1
Armor: Scale mail        |    39 |    83 ||   122
Dodge: Dodged            |    48 |    95 ||   143
Block: Buckler           |    17 |    42 ||    59

Table legend: (Time is in decaauts)
 A = Elapsed time spent in this place.
 B = Non-inter-level travel time spent in this place.
 C = Inter-level travel time spent in this place.
 D = Time resting spent in this place.
 E = Time spent auto-exploring this place.
 F = Levels seen in this place.
 G = Mean time per level.
                   A        B        C        D        E       F      G
               +--------+--------+--------+--------+--------+-----+--------+
         Total |   3376 |   3205 |    171 |    640 |   1703 |   3 | 1125.3 |
       Dungeon |   3376 |   3205 |    171 |    640 |   1703 |   3 | 1125.3 |
               +--------+--------+--------+--------+--------+-----+--------+

Top non-repeatable levels by time:
     D:1: 2127 daAuts
     D:2: 654 daAuts
     D:3: 594 daAuts
